 Dungeon Crawl Stone Soup version 0.29-a0-352-g0917bc69df (webtiles) character file.

Game seed: 9718089210881670614

4970 Dauddaud the Severer (level 10, 0/75 (77) HPs)
             Began as a Minotaur Berserker on Apr 23, 2022.
             Was an Elder of Trog.
             Slain by a hell rat (14 damage)
             ... on level 8 of the Dungeon.
             The game lasted 00:13:22 (10438 turns).

Dauddaud the Severer (Minotaur Berserker)          Turns: 10438, Time: 00:13:22

HP:   0/75 (77)     AC: 11    Str: 27    XL:     10   Next: 28%
MP:   9/9           EV:  7    Int:  4    God:    Trog [****..]
Gold: 495           SH:  0    Dex:  9    Spells: 9/9 levels left

rFire   . . .      SeeInvis .   a - +0 hand axe
rCold   . . .      Faith    .   (no shield)
rNeg    . . .      Spirit   .   s - +0 plate armour
rPois   .          Reflect  .   (helmet restricted)
rElec   .          Harm     .   (no cloak)
rCorr   +          Rampage  .   (no gloves)
Will    +....                   (no boots)
Stlth   ..........              y - amulet of regeneration
HPRegen 1.02/turn               o - ring of willpower
MPRegen 0.11/turn               k - ring of resist corrosion

@: lightly drained
A: horns 2, retaliatory headbutt
a: Renounce Religion, Berserk, Trog's Hand, Brothers in Arms


You were on level 8 of the Dungeon.
You worshipped Trog.
Trog was greatly pleased with you.
You visited 1 branch of the dungeon, and saw 9 of its levels.
You also visited: Ossuary.

You collected 495 gold pieces.

Inventory:

Hand Weapons
 a - a +0 hand axe (weapon)
Armour
 b - a +0 animal skin
 e - a +0 ring mail
 g - a +0 scale mail
 s - a +0 plate armour (worn)
Jewellery
 k - a ring of resist corrosion (right hand)
 o - a ring of willpower (left hand)
 w - an amulet of the acrobat
 x - an amulet of reflection
 y - an amulet of regeneration (around neck)
 G - an amulet of magic regeneration
Wands
 q - a wand of polymorph (1)
 t - a wand of flame (18)
 z - a wand of paralysis (10)
Scrolls
 d - 10 scrolls of teleportation
 h - a scroll of holy word {unknown}
 u - a scroll of enchant weapon {unknown}
 v - 2 scrolls of immolation
 A - a scroll of fog
 C - a scroll of silence
 D - a scroll of summoning {unknown}
 F - 4 scrolls of identify
 H - a scroll of blinking {unknown}
Potions
 c - a potion of brilliance {unknown}
 f - 3 potions of flight {unknown}
 i - 3 potions of haste {unknown}
 j - a potion of ambrosia {unknown}
 l - 3 potions of attraction {unknown}
 m - a potion of mutation {unknown}
 n - 4 potions of curing
 p - 2 potions of degeneration {unknown}
 r - a potion of might {unknown}
 B - a potion of heal wounds {unknown}
 E - 2 potions of cancellation {unknown}


   Skills:
 - Level 3.6 Fighting
 + Level 17.0 Axes
 - Level 2.4 Armour
 - Level 2.1 Dodging
 + Level 4.3 Evocations


You had 9 spell levels left.
You didn't know any spells.
Your spell library was empty.

Dungeon Overview and Level Annotations

Branches:
Dungeon (9/15)             Temple (0/1) D:5         Ossuary (visited)
   Lair: D:8-11         Orc: D:9-12

Altars:
Gozag


Innate Abilities, Weirdness & Mutations

You have a pair of horns on your head.
You reflexively headbutt those who attack you in melee.


Message History

You slash the death yak!
The death yak is almost dead.
You completely miss the death yak. You headbutt the death yak!
You feel the power of Trog in you as your rage grows.
You kill the death yak!
Trog accepts your kill.
Your Axes skill increases to level 17!
Your Evocations skill increases to level 4!
Unknown command.
You start resting.
You feel a strong urge to attack something.
You start resting.
You are no longer berserk.
You are exhausted.
You feel yourself slow down.
You start resting.
You feel yourself speed up.
You start resting.
You recover from your berserk rage.
You start resting.
HP restored.
You climb downwards.
The hell rat roars deafeningly!
The centaur shoots an arrow.
The arrow hits you. The hell rat bites you. The death yak gores you!
The rat bites you but does no damage.
The centaur shoots an arrow.
The arrow hits you. The hell rat bites you!
You feel drained. The death yak gores you!!
* * * LOW HITPOINT WARNING * * *
A river rat comes into view.
The rat bites you but does no damage.
There is a stone staircase leading up, spattered with blood here.
Okay, then.
Okay, then.
The hell rat bites you but does no damage.
The rat bites you but does no damage. The death yak gores you!
* * * LOW HITPOINT WARNING * * *
You climb upwards.
There is a stone staircase leading down, spattered with blood here.
It was a potion of curing.
You feel better. The hell rat bites you!
You die...

#.......##...#
#.#####.##.#.#
#.#####.##.#.#
#.##.......#.#
#.......####.#########
#.##.##.# #....†.....
#.....)[# ##########.
#<####Y.# ########....
#...r@†.###...........
####r....##.....##....
#.#.#.##.....##.##.
#.#.#.##.....##....
#.#.#.##.....##....
#.#.#.####.#.#####.
#.#.#.# ##.#.......
#.....###...#######
###.####.#.#.#


You could see a death yak, a hell rat and a rat.

Vanquished Creatures
  2 death yaks (D:8)
  Grinder (D:3)
  2 wyverns
  2 steam dragons
  4 water moccasins
  An orc warrior (D:8)
  A sky beast (D:7)
  2 phantoms
  4 bullfrogs
  A necrophage (D:7)
  A kobold brigand (D:7)
  3 elf zombies (Ossuary)
  A gnoll sergeant (D:8)
  6 scorpions
  3 wights (D:5)
  6 killer bees (D:8)
  4 centaur zombies (Ossuary)
  4 jellies
  2 hounds
  3 human zombies (Ossuary)
  An orc priest (D:3)
  Jessica (D:3)
  2 orc wizards
  2 iguanas
  3 mummies (Ossuary)
  13 gnolls
  7 adders
  A white imp (D:6)
  4 adder zombies (Ossuary)
  5 worms
  2 dart slugs
  16 orcs
  9 ball pythons
  A bat (D:2)
  9 endoplasms
  5 giant cockroaches
  5 goblins
  7 hobgoblins
  9 jackals
  5 quokkas
  A frilled lizard (D:3)
  A gnoll zombie (Ossuary)
  4 goblin zombies (Ossuary)
  2 hobgoblin zombies (Ossuary)
  4 jackal zombies (Ossuary)
  7 kobolds
  2 kobold zombies (Ossuary)
  2 orc zombies (Ossuary)
  2 quokka zombies (Ossuary)
  3 rats (D:2)
  3 rat zombies (Ossuary)
191 creatures vanquished.

Vanquished Creatures (others)
  7 plants (D:3)
7 creatures vanquished.

Grand Total: 198 creatures vanquished

Notes
Turn   | Place    | Note
-------+----------+-------------------------------------------
     0 | D:1      | Dauddaud the Minotaur Berserker began the quest for the
                  | Orb.
     0 | D:1      | Reached XP level 1. HP: 19/19 MP: 0/0
   295 | D:1      | Reached skill level 4 in Axes
   546 | D:1      | Reached XP level 2. HP: 21/26 MP: 1/1
   788 | D:1      | Found a faded altar of an unknown god.
  1227 | D:2      | Reached skill level 5 in Axes
  1283 | D:2      | Reached XP level 3. HP: 26/31 MP: 2/2
  1343 | D:2      | Reached ** piety under Trog
  2051 | D:3      | Reached skill level 6 in Axes
  2051 | D:3      | Reached XP level 4. HP: 39/39 MP: 3/3
  2059 | D:3      | Noticed Jessica
  2067 | D:3      | Killed Jessica
  2215 | D:3      | Reached XP level 5. HP: 45/45 MP: 4/4
  2268 | D:3      | Reached skill level 7 in Axes
  2624 | D:3      | Noticed Grinder
  2651 | D:3      | Killed Grinder
  2652 | D:3      | Reached skill level 8 in Axes
  2652 | D:3      | Reached XP level 6. HP: 40/51 MP: 5/5
  3100 | D:4      | Reached skill level 9 in Axes
  3781 | D:4      | Reached *** piety under Trog
  4265 | D:4      | Reached XP level 7. HP: 57/57 MP: 6/6
  4279 | D:4      | Reached skill level 10 in Axes
  4530 | D:5      | Entered Level 5 of the Dungeon
  5598 | D:5      | Reached skill level 11 in Axes
  6038 | D:5      | Reached XP level 8. HP: 64/64 MP: 7/7
  6090 | D:5      | Found a staircase to the Ecumenical Temple.
  6131 | D:5      | Reached skill level 12 in Axes
  7359 | D:6      | Reached skill level 13 in Axes
  8120 | D:6      | Reached skill level 14 in Axes
  8502 | D:7      | Reached XP level 9. HP: 61/70 MP: 8/8
  8551 | D:7      | Found a sand-covered staircase.
  8556 | Ossuary  | Entered an ossuary
  8741 | Ossuary  | Reached **** piety under Trog
  8742 | Ossuary  | Reached skill level 15 in Axes
  9072 | D:7      | Found an opulent altar of Gozag.
  9481 | D:7      | Reached skill level 16 in Axes
  9786 | D:8      | Reached skill level 1 in Evocations
 10303 | D:9      | Noticed a death yak
 10303 | D:9      | Noticed a death yak
 10306 | D:9      | Noticed a death yak
 10319 | D:8      | Killed a death yak
 10320 | D:8      | Reached XP level 10. HP: 34/77 MP: 9/9
 10379 | D:8      | Killed a death yak
 10380 | D:8      | Reached skill level 17 in Axes
 10438 | D:8      | Slain by a hell rat

Illustrated notes

Levels and vault maps discovered:
D:1:      lightli_arrival_farm, layout_basic,
          hellmonk_ecumenical_altar_dog_temple
D:2:      layout_loops_ring, minmay_diced_spiral
D:3:      layout_rooms, serial_bayou_lake_a, uniq_jessica, uniq_grinder
D:4:      layout_loops_corners
D:5:      layout_loops_ring, minmay_temple_entry_offerings, due_unseen_surprise
D:6:      layout_basic, hangedman_decor_slide_cut
D:7:      layout_gridville, kennysheep_mini_moat, nicolae_ossuary_entry_plus
D:8:      layout_loops_cross
D:9:      layout_basic, dpeg_lair_monsters, minmay_misc_feat_roman,
          uniq_prince_ribbit1, uniq_grum

Skill      XL: |  1  2  3  4  5  6  7  8  9 10 |
---------------+-------------------------------+-----
Axes           | 4 5 6 8 9 11 14 16 17 | 17.0
Evocations     | 3 4 |  4.3
Fighting       | |  3.6
Armour         | |  2.4
Dodging        | |  2.1

Action                   |  1- 3 |  4- 6 |  7- 9 | 10-12 || total
-------------------------+-------+-------+-------+-------++-------
Melee: Hand axe          |    94 |   146 |   482 |    11 ||   733
       Headbutt          |    13 |    26 |    92 |     6 ||   137
       Punch             |     1 |     1 |     5 |       ||     7
Invok: Trog's Hand       |       |     2 |     1 |       ||     3
       Berserk           |       |       |     6 |     1 ||     7
  Use: Scroll            |       |     1 |     3 |       ||     4
       Potion            |       |       |       |     1 ||     1
Armor: Animal skin       |     2 |       |       |       ||     2
       Scale mail        |    33 |    44 |       |       ||    77
       Ring mail         |     5 |       |       |       ||     5
       Plate armour      |       |    10 |   172 |     4 ||   186
Dodge: Dodged            |    49 |    53 |   119 |     2 ||   223

Table legend: (Time is in decaauts)
 A = Elapsed time spent in this place.
 B = Non-inter-level travel time spent in this place.
 C = Inter-level travel time spent in this place.
 D = Time resting spent in this place.
 E = Time spent auto-exploring this place.
 F = Levels seen in this place.
 G = Mean time per level.
                   A        B        C        D        E       F      G
               +--------+--------+--------+--------+--------+-----+--------+
         Total |  10375 |  10157 |    218 |   3500 |   5423 |  10 | 1037.5 |
       Dungeon |  10088 |   9870 |    218 |   3500 |   5273 |   9 | 1120.9 |
       Ossuary |    287 |    287 |      0 |      0 |    150 |   1 |  287.0 |
               +--------+--------+--------+--------+--------+-----+--------+

Top non-repeatable levels by time:
     D:5: 2292 daAuts
     D:6: 1624 daAuts
     D:4: 1492 daAuts
     D:1: 1179 daAuts
     D:3: 1136 daAuts
     D:8: 896 daAuts
     D:2: 759 daAuts
     D:7: 698 daAuts
 Ossuary: 287 daAuts
     D:9: 9 daAuts
